 Dungeon Crawl Stone Soup version 0.20-a0-901-g27f6fa8 (webtiles) character file.

1438694 NormalPerson7 the Slayer (level 26, 142/183 HPs)
             Began as a Deep Elf Fire Elementalist on Mar 16, 2017.
             Was the Champion of Vehumet.
             Escaped with the Orb
             ... and 3 runes on Mar 19, 2017!
             The game lasted 09:10:41 (99408 turns).

NormalPerson7 the Slayer (DEFE)                    Turns: 99408, Time: 09:10:42

Health: 142/183    AC: 23    Str:  7    XL:     26   Next: 81%
Magic:  57/61      EV: 23    Int: 48    God:    Vehumet [******]
Gold:   4405       SH: 18    Dex: 20    Spells: 8/59 levels left

rFire    + + +     SeeInvis +   b - staff of power {!a}
rCold    + . .     Gourm    .   z - quicksilver dragon scales
rNeg     . . .     Faith    .   E - +1 shield {rC+ rF+}
rPois    +         Spirit   .   (helmet restricted)
rElec    +         Reflect  +   e - +3 cloak of Fortitude {rF+ MR+}
rCorr    .         Harm     .   M - +0 pair of gloves of Sunlight {Int+6}
MR       ++++.     Clarity  +   m - +0 pair of boots
Stlth    +.........             N - amulet of Secrets {Reflect rPois Int+4 SH+4 SInv Stlth+}
Regen    0.4/turn               S - ring "Enuzear" {rF++ Str+2 Int+5 Dex+5}
MPRegen  0.4/turn               c - ring "Luonge" {rElec AC+2}

@: very slightly contaminated, hasted (expiring), very quick
A: antennae 1, clarity
0: Orb of Zot
}: 3/15 runes: barnacled, slimy, gossamer
a: Renounce Religion


You escaped.
You worshipped Vehumet.
Vehumet was exalted by your worship.
You were not hungry.

You visited 10 branches of the dungeon, and saw 51 of its levels.
You visited the Abyss 1 time.
You also visited: Trove.

You collected 6374 gold pieces.
You spent 1969 gold pieces at shops.

Inventory:

Hand Weapons
 n - a +2 trident of flaming
Missiles
 Z - 9 throwing nets (quivered) {!f}
Armour
 e - the +3 cloak of Fortitude (worn) {rF+ MR+}
   (You bought it in a shop on level 1 of the Orcish Mines)

   It protects you from fire.
   It affects your resistance to hostile enchantments.
 m - a +0 pair of boots (worn)
 z - quicksilver dragon scales (worn)
 E - a +1 shield of resistance (worn)
 G - a +2 cloak
 M - the +0 pair of gloves of Sunlight (worn) {Int+6}
   (You bought it in a shop on level 3 of the Vaults)

   It affects your intelligence (+6).
 T - a +2 helmet
Magical Staves
 b - an uncursed staff of power (weapon) {!a}
 D - an uncursed staff of fire
Jewellery
 a - an uncursed ring of resist corrosion
 c - the ring "Luonge" (left hand) {rElec AC+2}
   (You found it in a treasure trove)

   [ring of protection]

   It affects your AC (+2).
   It insulates you from electricity.
 d - a +6 ring of protection
 N - the amulet of Secrets (around neck) {Reflect rPois Int+4 SH+4 SInv Stlth+}
   (You found it in a treasure trove)

   [amulet of reflection]

   It shields you and reflects attacks.
   It affects your intelligence (+4).
   It protects you from poison.
   It lets you see invisible.
   It affects your SH (+4).
   It makes you more stealthy.
 P - an uncursed amulet of regeneration
 Q - a +5 ring of protection
 S - the ring "Enuzear" (right hand) {rF++ Str+2 Int+5 Dex+5}
   (You found it in a treasure trove)

   [ring of dexterity]

   It affects your strength (+2).
   It affects your intelligence (+5).
   It affects your dexterity (+5).
   It greatly protects you from fire.
Wands
 t - a wand of digging (3/24)
 O - a wand of clouds (7/9)
 V - a wand of acid (10/15)
Scrolls
 f - 2 scrolls of vulnerability {!r}
 g - 34 scrolls of remove curse
 o - 8 scrolls of amnesia
 p - 16 scrolls of identify
 y - a scroll of teleportation
 B - 6 scrolls of recharging
 J - 5 scrolls of fog
 Y - 2 scrolls of fear
Potions
 i - 5 potions of heal wounds
 j - 3 potions of agility
 k - 6 potions of flight
 l - 9 potions of lignification {!q}
 s - 4 potions of brilliance
 w - 2 potions of ambrosia
 x - 9 potions of curing
 A - a potion of magic
 C - 3 potions of resistance
 F - 10 potions of mutation {!q}
 I - 2 potions of haste
 K - a potion of invisibility
Miscellaneous
 q - a lightning rod (2/4)
 u - 2 phantom mirrors
 U - a phial of floods
 W - a lamp of fire
 X - a sack of spiders
Comestibles
 v - 14 meat rations


   Skills:
 * Level 23.6 Fighting
 + Level 12.7 Armour
 + Level 20.1 Dodging
 - Level 2.4 Stealth
 - Level 15.2 Shields
 - Level 17.0 Spellcasting
 - Level 17.2 Conjurations
 - Level 3.0 Charms
 - Level 4.4 Summonings
 - Level 3.0 Necromancy
 - Level 16.8 Fire Magic
 - Level 6.0 Air Magic
 - Level 4.0 Earth Magic
 - Level 4.0 Evocations


You had 8 spell levels left.
You knew the following spells:

 Your Spells              Type           Power        Failure   Level  Hunger
a - Flame Tongue          Conj/Fire      #####        0%          1    None
d - Summon Lightning Spi  Summ/Air       ######..     1%          4    None
e - Conjure Flame         Conj/Fire      ########     0%          3    None
f - Sticky Flame          Conj/Fire      ########     0%          4    None
p - Apportation           Tloc           #####.       1%          1    None
q - Iron Shot             Conj/Erth      #######...   1%          6    None
r - Regeneration          Chrm/Necr      ######....   1%          3    None
s - Fireball              Conj/Fire      ########..   1%          5    None
w - Bolt of Fire          Conj/Fire      ########..   1%          6    None
x - Throw Flame           Conj/Fire      ######       0%          2    None
y - Freeze                Ice            ####         1%          1    None
z - Orb of Destruction    Conj           ########..   1%          7    None
C - Ignition              Fire           ########..   2%          8    ##.....


Dungeon Overview and Level Annotations

Branches:
Dungeon (15/15)            Temple (1/1) D:5            Lair (6/6) D:11
 Shoals (4/4) Lair:4       Spider (4/4) Lair:2        Slime (5/5) Lair:5
    Orc (2/2) D:11            Elf (0/3) Orc:2        Vaults (4/5) D:13
  Crypt (0/3) Vaults:2     Depths (5/5) D:15            Zot (5/5) Depths:5

Altars:
Cheibriados
Dithmenos
Elyvilon
Fedhas
Gozag
Kikubaaqudgha
Makhleb
Nemelex Xobeh
Okawaru
Ru
Sif Muna
Trog
Uskayaw
Vehumet
Yredelemnul
Zin
Beogh
Jiyva

Shops:
D:6 *   D:7 (   D:8 *   D:10 %   Orc:1 [(([*   Orc:2 [((}   Shoals:1 (
Shoals:3 %   Vaults:3 }***[   Depths:1 (::   Depths:2 }(   Depths:3 *

Portals:
Hell: Depths:1 Depths:2 Depths:3 Depths:4 Depths:5
Abyss: Depths:4
Pandemonium: Depths:3
Ziggurat: Depths:2

Annotations:
D:3 Robin
Depths:4 exclusion: 3 doors


Innate Abilities, Weirdness & Mutations

You have a pair of small antennae on your head.
You possess an exceptional clarity of mind.


Message History

Confirm with . or Enter, or press ? or * to list all spells.
Aiming: Bolt of Fire
Press: ? - help, Shift-Dir - straight line, f/p - sixfirhy
Aim: a sixfirhy (severely wounded)
The bolt of fire hits the sixfirhy.
You kill the sixfirhy!
Vehumet accepts your kill.
You feel your power returning.
(D) Dungeon (T) Temple (L) Lair (A) Shoals (N) Spider Nest (M) Slime Pits (O) Orcish Mines (E) Elven Halls (V) Vaults (C) Crypt (U) Depths (H) Hell (Z) Zot
Where to? (Enter - D:1 @ (x,y), ? - help)
There is a stone staircase leading up here.
You climb upwards.
There is a stone staircase leading down here.
Your extra speed is starting to run out.
There is an open door here.
There is a staircase leading out of the dungeon here.
You have escaped!

###.# ######.####.###..# ###.#
#................. ....#
#.#########.###..# ##### #.#
#.###..# # ####.#### #.......
######## ###§§≈.≈≈≈#############
......># #.+§§≈≈≈≈.+....##......
######.# #.#§§....≈####.##.#####
######.# #.#§§.@.≈≈# #.##.#####
....##.####.#≈...§§§####.##.#....
###.##......'.≈≈≈§§§'........#.##
.##.##......#≈≈≈.≈≈≈####.##.#.##.
..#.........####.####....##......
..(((......)###..# #.###########.
#######.........## #.# ## #
##..###.### ##.### # # #..###.#
#....# #


There were no monsters in sight!

Vanquished Creatures
  the Royal Jelly (Slime:5)
  Mara (Spider:3)
  2 orbs of fire (Zot:5)
  2 ancient liches
  2 juggernauts
  Boris (Vaults:3)
  Bai Suzhen (Depths:2)
  A curse toe (Zot:5)
  6 Killer Klowns (Zot:5)
  11 golden dragons
  Arachne (Spider:2)
  A Tzitzimitl (D:9)
  2 liches
  2 electric golems (Zot:5)
  The ghost of Slobodan the Whirler, an adept HaHu of Okawaru (Slime:4)
  9 tentacled monstrosities
  A hellephant (Depths:5)
  21 Orb Guardians (Zot:5)
  8 quicksilver dragons
  Frances (Shoals:2)
  21 acid blobs
  Polyphemus (Shoals:2)
  2 krakens
  A sphinx (Depths:2)
  9 storm dragons
  11 death cobs
  3 draconian monks (Zot:5)
  2 tengu reavers
  5 shadow dragons
  A fire giant (shapeshifter) (Abyss:2)
  Kirke (Shoals:1)
  Ilsuiw (Shoals:4)
  2 deep elf sorcerers
  14 azure jellies
  11 frost giants
  9 fire giants
  8 vault wardens
  12 ghost moths
  An orc warlord (Vaults:2)
  Aizul (Spider:2)
  6 draconian scorchers
  8 draconian knights
  Louise (Depths:4)
  A spriggan defender (Depths:2)
  A balrug (Abyss:2)
  The ghost of Voxish the Fighter, a journeyman DgWn (Orc:2)
  A deep elf elementalist (Depths:3)
  A cacodemon (Depths:3)
  5 draconian shifters
  A reaper (Zot:4)
  4 emperor scorpions
  9 draconian annihilators
  14 stone giants
  7 entropy weavers
  2 vampire knights
  16 very ugly things
  The ghost of Paps the Severer, a journeyman DsBe of Trog (Spider:1)
  20 ironheart preservers
  7 draconian stormcallers
  6 black draconians
  8 green draconians
  10 purple draconians
  10 yellow draconians
  13 white draconians
  8 red draconians
  A dire elephant (Lair:6)
  The ghost of Tungsten the Basher, a journeyman HOAK of Lugonu (Orc:2)
  4 merfolk javelineers
  2 deep elf death magi
  11 spark wasps
  8 ettins
  A crystal guardian (Vaults:4)
  10 fire dragons
  2 deep elf high priests
  A green death (Zot:5)
  13 yaktaur captains
  8 death oozes
  Fannar (D:12)
  6 merfolk impalers
  10 great orbs of eyes
  7 hydras
  10 rakshasas
  8 vault guards
  The ghost of pedritolo the Spear-Bearer, a journeyman DsCK of Xom (D:11)
  4 spriggan air magi
  2 merfolk avatars
  10 ice dragons
  3 catoblepae
  10 centaur warriors
  2 alligator snapping turtles
  5 merfolk aquamancers
  50 two-headed ogres
  A satyr (Shoals:4)
  A death knight (D:15)
  11 death yaks
  10 ogre magi
  12 deep troll shamans
  A vampire mage (Depths:2)
  A thrashing horror (Abyss:2)
  11 deep troll earth magi
  3 tengu warriors
  Sonja (D:13)
  2 sun demons
  4 orc high priests (Orc:2)
  A hell hog (Abyss:2)
  4 spriggans
  4 spriggan berserkers
  6 skeletal warriors
  5 deep elf knights
  3 sixfirhies
  Nergalle (D:11)
  11 hell knights
  2 wretched stars (Abyss:2)
  A soul eater (Depths:5)
  A fire crab (shapeshifter) (Depths:1)
  A shadow wraith (Vaults:4)
  A death drake (shapeshifter) (Vaults:3)
  41 deep trolls
  2 iron trolls (Depths:3)
  A ghost moth zombie (Abyss:2)
  4 unseen horrors
  10 sea snakes
  2 swamp dragons (shapeshifter)
  A sea snake (shapeshifter) (Depths:3)
  A gelid demonspawn (Depths:3)
  7 glowing orange brains
  9 wizards
  2 phantasmal warriors (Depths:5)
  An infernal demonspawn (Depths:3)
  5 necromancers
  A deep elf archer (Vaults:4)
  13 harpies
  An orb spider (shapeshifter) (Vaults:4)
  10 ironbrand convokers
  4 oklob plants (Lair:4)
  23 orc knights
  A frost giant zombie (Depths:1)
  An orange crystal statue (Vaults:3)
  28 orb spiders
  59 ugly things
  51 wolf spiders
  8 deep elf magi
  4 shining eyes
  A fire giant zombie (Depths:1)
  6 cyclopes
  16 manticores
  A salamander (Depths:3)
  11 orc sorcerers
  22 moths of wrath
  A shadow dragon skeleton (Depths:1)
  A manticore (shapeshifter) (Depths:5)
  2 moths of wrath (shapeshifter)
  10 merfolk sirens
  2 worldbinders (Abyss:2)
  A salamander (shapeshifter) (Depths:5)
  5 fauns
  2 eyes of devastation
  An apocalypse crab (Abyss:2)
  A stone giant skeleton (Depths:1)
  9 elephants
  8 black mambas
  3 torpor snails
  7 water nymphs
  3 orange demons
  13 vault sentinels
  A smoke demon (Abyss:2)
  13 spiny frogs
  6 rime drakes
  9 freezing wraiths
  A komodo dragon (shapeshifter) (Vaults:2)
  9 komodo dragons
  18 demonic crawlers
  3 ice devils
  55 yaktaurs
  3 hellwings
  4 red devils (Depths:5)
  42 jumping spiders
  A meliai (shapeshifter) (Vaults:1)
  13 trolls
  A troll (shapeshifter) (Vaults:4)
  4 tengu conjurers
  2 wind drakes
  15 hornets
  A polar bear (Lair:6)
  A jumping spider (shapeshifter) (Depths:3)
  109 slime creatures
  20 blink frogs
  31 merfolk
  A raiju (Abyss:2)
  7 dream sheep (Lair:6)
  A slime creature (shapeshifter) (Depths:1)
  A meliai zombie (D:10)
  A small abomination (Vaults:1)
  18 hippogriffs
  13 snapping turtles
  138 redbacks
  6 wraiths
  11 wyverns
  Sigmund (D:3)
  6 air elementals
  A redback (shapeshifter) (Abyss:2)
  A tarantella (shapeshifter) (Vaults:4)
  A ynoxinul (Abyss:2)
  50 tarantellas
  Eustachio (D:5)
  4 hogs
  A human (D:9)
  34 yaks
  5 golden eyes
  7 basilisks
  4 hungry ghosts
  A golden eye (shapeshifter) (D:15)
  2 chaos spawn (Abyss:2)
  20 water elementals
  2 vampire mosquitoes (D:15)
  Edmund (D:4)
  5 acid dragons
  14 wargs
  2 large abominations (Abyss:2)
  11 water moccasins
  3 porcupines
  5 ice beasts
  2 floating eyes
  5 hell hounds
  A swamp drake (shapeshifter) (Vaults:1)
  49 orc warriors
  A soldier ant (D:14)
  2 hornet zombies
  8 sky beasts
  4 black bears
  16 ogres
  An eye of draining (shapeshifter) (Vaults:2)
  2 phantoms
  2 necrophages
  6 eyes of draining
  7 boggarts
  22 centaurs
  18 wolves
  15 crocodiles
  2 big kobolds (D:11)
  12 bullfrogs
  A wyvern zombie (D:10)
  A gnoll sergeant (D:9)
  A glowing shapeshifter simulacrum (Vaults:1)
  7 scorpions
  7 killer bees
  13 wights
  5 howler monkeys
  8 electric eels
  10 crimson imps
  A bullfrog zombie (D:7)
  8 starcursed masses (Abyss:2)
  5 centaur zombies
  9 hounds
  28 orc priests
  20 jellies
  A bullfrog skeleton (D:10)
  23 orc wizards
  9 centaur skeletons
  4 iguanas
  16 worker ants
  3 hound zombies
  A hound skeleton (D:6)
  A howler monkey skeleton (D:4)
  13 adders
  11 gnolls
  12 shadow imps
  13 white imps
  3 oozes
  An adder skeleton (D:9)
  3 dart slugs
  3 leopard geckos
  103 orcs
  3 ball pythons
  14 bats
  3 giant cockroaches
  11 goblins
  11 hobgoblins
  8 jackals (D:1)
  18 kobolds
  3 quokkas
  A ball python skeleton (D:4)
  4 frilled lizards
  A jackal skeleton (D:6)
  A leopard gecko skeleton (D:6)
  A quokka skeleton (D:4)
  A quokka zombie (D:9)
  11 rats
  A fungus (Lair:6)
  17 plants
2427 creatures vanquished.

Vanquished Creatures (collateral kills)
  3 death yaks (Lair:6)
  A slime creature (D:13)
  4 yaks
  A water moccasin (Lair:3)
  2 orc warriors (D:14)
  A killer bee (D:9)
12 creatures vanquished.

Vanquished Creatures (others)
  A ghost moth (Zot:5)
  2 stone giants (Vaults:4)
  A merfolk javelineer (Depths:4)
  2 yaktaur captains
  6 yaktaurs
  An ufetubus (Abyss:2)
  A bush (Lair:6)
  19 fungi
  11 plants
  8 tentacles (Shoals:2)
52 creatures vanquished.

Grand Total: 2491 creatures vanquished

Notes
Turn   | Place    | Note
-------+----------+-------------------------------------------
     0 | D:1      | NormalPerson7 the Deep Elf Fire Elementalist began the quest for the Orb.
     0 | D:1      | Reached XP level 1. HP: 10/10 MP: 6/6
   279 | D:1      | Reached XP level 2. HP: 12/15 MP: 4/8
   719 | D:1      | Learned a level 2 spell: Throw Flame
   877 | D:1      | Reached XP level 3. HP: 15/19 MP: 5/10
  1357 | D:1      | Learned a level 3 spell: Conjure Flame
  2075 | D:2      | Reached XP level 4. HP: 24/24 MP: 9/11
  2824 | D:3      | Reached XP level 5. HP: 28/28 MP: 6/13
  3167 | D:3      | Reached skill level 5 in Fire Magic
  3504 | D:3      | Noticed Robin
  3507 | D:3      | Reached XP level 6. HP: 32/32 MP: 6/15
  3635 | D:3      | Noticed Sigmund
  3642 | D:3      | Killed Sigmund
  3642 | D:3      | Reached skill level 5 in Spellcasting
  4000 | D:3      | Learned a level 4 spell: Sticky Flame
  4006 | D:3      | Learned a level 5 spell: Fireball
  4283 | D:4      | Reached skill level 5 in Conjurations
  4511 | D:4      | Noticed Edmund
  4667 | D:4      | Reached XP level 7. HP: 36/36 MP: 6/17
  4741 | D:4      | Found a shadowy altar of Dithmenos.
  5235 | D:4      | Killed Edmund
  6088 | D:5      | Entered Level 5 of the Dungeon
  6193 | D:5      | Found a staircase to the Ecumenical Temple.
  6202 | Temple   | Entered the Ecumenical Temple
  6280 | Temple   | Became a worshipper of Vehumet
  6627 | D:5      | Noticed Eustachio
  6634 | D:5      | Killed Eustachio
  6634 | D:5      | Reached XP level 8. HP: 41/41 MP: 3/19
  7607 | D:6      | Reached * piety under Vehumet
  7607 | D:6      | Offered knowledge of Freeze by Vehumet.
  7610 | D:6      | Learned a level 1 spell: Freeze
  8163 | D:6      | Reached XP level 9. HP: 33/45 MP: 17/22
  8703 | D:6      | Found Barei's General Store.
  8714 | D:6      | Bought a scroll of identify for 26 gold pieces
  8736 | D:6      | Found a burning altar of Makhleb.
  9843 | D:7      | Found Wawneoge's Weapon Boutique.
  9846 | D:7      | Learned a level 1 spell: Apportation
 10021 | D:7      | Reached skill level 10 in Fire Magic
 11091 | D:8      | Reached skill level 10 in Conjurations
 11320 | D:8      | Reached ** piety under Vehumet
 11344 | D:8      | Offered knowledge of Throw Frost by Vehumet.
 11494 | D:8      | Reached XP level 10. HP: 50/50 MP: 5/24
 12158 | D:8      | Found Suekij's General Store.
 12161 | D:8      | Bought a potion of invisibility for 96 gold pieces
 12161 | D:8      | Bought a scroll of identify for 24 gold pieces
 12283 | D:8      | Reached skill level 1 in Fighting
 13283 | D:9      | Offered knowledge of Static Discharge by Vehumet.
 13500 | D:9      | Found a bloodstained altar of Trog.
 13892 | D:9      | Reached *** piety under Vehumet
 14332 | D:10     | Entered Level 10 of the Dungeon
 14398 | D:10     | Found an opulent altar of Gozag.
 14544 | D:10     | Noticed a two-headed ogre
 14563 | D:10     | Killed a two-headed ogre
 14563 | D:10     | Reached skill level 2 in Fighting
 14563 | D:10     | Reached skill level 10 in Spellcasting
 14688 | D:10     | Found Ceolew's Food Shop.
 14701 | D:10     | Reached skill level 5 in Dodging
 14725 | D:10     | Noticed an unseen horror
 14730 | D:10     | Killed an unseen horror
 14730 | D:10     | Reached XP level 11. HP: 16/59 MP: 27/27
 15251 | D:10     | Noticed a two-headed ogre
 15258 | D:10     | Killed a two-headed ogre
 15447 | D:10     | Reached skill level 3 in Fighting
 16189 | D:10     | Offered knowledge of Olgreb's Toxic Radiance by Vehumet.
 16705 | D:11     | Noticed Nergalle
 16709 | D:11     | Killed Nergalle
 17160 | D:11     | Found a staircase to the Lair.
 17203 | D:11     | Noticed a two-headed ogre
 17208 | D:11     | Killed a two-headed ogre
 17208 | D:11     | Reached skill level 4 in Fighting
 17283 | D:11     | Noticed a white ugly thing
 17290 | D:11     | Killed a white ugly thing
 17297 | D:11     | Noticed pedritolo's ghost (journeyman DsCK)
 17514 | D:11     | Reached **** piety under Vehumet
 17740 | D:11     | Offered knowledge of Dazzling Spray by Vehumet.
 17753 | D:11     | Noticed a two-headed ogre
 17869 | D:11     | Noticed a brown ugly thing
 17871 | D:11     | Noticed a two-headed ogre
 17879 | D:10     | Killed a two-headed ogre
 17932 | D:11     | Killed a brown ugly thing
 17932 | D:11     | Reached skill level 5 in Fighting
 18080 | Lair:1   | Entered Level 1 of the Lair of Beasts
 18274 | D:11     | Killed a two-headed ogre
 18440 | Lair:1   | Reached XP level 12. HP: 68/68 MP: 29/29
 20045 | Lair:2   | Found a hole to the Spider Nest.
 20063 | Lair:2   | Reached skill level 6 in Fighting
 20218 | Lair:2   | Learned a level 4 spell: Summon Lightning Spire
 20258 | Lair:2   | Reached skill level 1 in Air Magic
 21795 | Lair:4   | Found a staircase to the Shoals.
 22252 | Lair:4   | Reached skill level 7 in Fighting
 23259 | Lair:5   | Reached XP level 13. HP: 21/76 MP: 31/31
 23529 | Lair:5   | Reached skill level 5 in Air Magic
 23751 | Lair:5   | Reached ***** piety under Vehumet
 23799 | Lair:5   | Offered knowledge of Orb of Destruction by Vehumet.
 23808 | Lair:5   | Learned a level 7 spell: Orb of Destruction
 24485 | Lair:5   | Reached skill level 8 in Fighting
 25051 | Lair:5   | Found a staircase to the Slime Pits.
 25409 | Lair:5   | Offered knowledge of Iron Shot by Vehumet.
 25417 | Lair:5   | Learned a level 6 spell: Iron Shot
 25741 | Lair:6   | Entered Level 6 of the Lair of Beasts
 25865 | Lair:5   | Reached skill level 1 in Earth Magic
 26353 | Lair:6   | Reached skill level 9 in Fighting
 26537 | Lair:6   | Reached XP level 14. HP: 86/86 MP: 33/33
 28231 | Lair:6   | Offered knowledge of Lee's Rapid Deconstruction by Vehumet.
 28694 | D:11     | Killed pedritolo's ghost
 28795 | D:11     | Found a staircase to the Orcish Mines.
 29256 | D:12     | Reached skill level 10 in Fighting
 29470 | D:12     | Noticed Fannar
 29474 | D:12     | Killed Fannar
 29843 | D:12     | Reached skill level 10 in Dodging
 29990 | D:12     | Found a portal to a secret trove of treasure.
 30696 | D:13     | Reached skill level 15 in Spellcasting
 31124 | D:13     | Noticed Sonja
 31125 | D:13     | Killed Sonja
 31395 | D:13     | Reached XP level 15. HP: 93/93 MP: 33/36
 31576 | D:13     | Found a sacrificial altar of Ru.
 31805 | D:13     | Found a gate to the Vaults.
 33410 | D:14     | Reached skill level 1 in Summonings
 33427 | D:14     | Reached skill level 11 in Fighting
 33695 | D:15     | Entered Level 15 of the Dungeon
 33695 | D:15     | Found a viscous altar of Jiyva.
 34750 | D:15     | Found a staircase to the Depths.
 34979 | D:15     | Reached ****** piety under Vehumet
 34979 | D:15     | Offered knowledge of Poison Arrow by Vehumet.
 35487 | Orc:1    | Entered Level 1 of the Orcish Mines
 35559 | Orc:1    | Found Ahurol's Antique Weapon Shoppe.
 35859 | Orc:1    | Found Oklibic's Antique Weapon Emporium.
 35874 | Orc:1    | Found Xeuc's Antique Armour Shop.
 35904 | Orc:1    | Found Mausidet's Antique Armour Boutique.
 35906 | Orc:1    | Bought a brightly glowing cloak for 275 gold pieces
 35906 | Orc:1    | Identified the +3 cloak of Fortitude {rF+ MR+} (You bought it in a shop on level 1 of the Orcish Mines)
 35942 | Orc:1    | Found Rigebuhe's Assorted Antiques.
 36132 | Orc:1    | Found a roughly hewn altar of Beogh.
 36400 | Orc:2    | Entered Level 2 of the Orcish Mines
 36407 | Orc:2    | Noticed Tungsten's ghost (journeyman HOAK)
 36410 | Orc:2    | Killed Tungsten's ghost
 36672 | Orc:2    | Found a staircase to the Elven Halls.
 37439 | Orc:2    | Noticed Voxish's ghost (journeyman DgWn)
 37452 | Orc:2    | Killed Voxish's ghost
 38148 | Orc:2    | Offered knowledge of Conjure Ball Lightning by Vehumet.
 38148 | Orc:2    | Reached XP level 16. HP: 101/101 MP: 38/38
 38312 | Orc:2    | Found Inkidadgh's Gadget Emporium.
 38312 | Orc:2    | Found Teorphaoq's Antique Weapon Emporium.
 38313 | Orc:2    | Found Mihelaep's Antique Weapon Shop.
 38313 | Orc:2    | Found Paputwalo's Antique Armour Shop.
 38599 | D:11     | Reached skill level 12 in Fighting
 38675 | Spider:1 | Entered Level 1 of the Spider Nest
 39008 | Spider:1 | Reached skill level 1 in Shields
 39317 | Spider:1 | Noticed Paps's ghost (journeyman DsBe)
 39345 | Spider:1 | Killed Paps's ghost
 39490 | Spider:1 | Reached skill level 15 in Conjurations
 40677 | D:8      | Bought a wand of digging (19/24) for 552 gold pieces
 40991 | Spider:2 | Noticed Aizul
 41095 | Spider:2 | Killed Aizul
 41251 | Spider:2 | Got a pair of ichor-stained boots
 41252 | Spider:2 | Identified the cursed -3 pair of boots of Dim Light {Str+6} (You found it on level 2 of the Spider Nest)
 41277 | Spider:2 | Noticed Arachne
 41691 | Spider:2 | Killed Arachne
 41942 | Spider:2 | Offered knowledge of Ozocubu's Refrigeration by Vehumet.
 41942 | Spider:2 | Reached skill level 5 in Shields
 42608 | Spider:1 | Upgraded the game from 0.20-a0-893-g832831a to 0.20-a0-899-g09a9bfb
 42997 | Spider:2 | Got a scorched leather armour
 43624 | Spider:3 | Noticed Mara
 43896 | Spider:2 | Reached XP level 17. HP: 92/108 MP: 12/39
 45091 | Spider:3 | Offered knowledge of Bolt of Fire by Vehumet.
 45191 | Spider:2 | Learned a level 6 spell: Bolt of Fire
 45301 | Spider:3 | Killed Mara
 45926 | Spider:3 | Reached skill level 1 in Evocations
 45967 | Spider:2 | HP: 5/108 [poisoned by a wolf spider]
 46589 | Spider:3 | Reached skill level 13 in Fighting
 47212 | Spider:3 | Learned a level 3 spell: Regeneration
 47453 | Shoals:1 | Entered Level 1 of the Shoals
 47995 | Shoals:1 | Found Eqonun's Antique Weapon Shop.
 47996 | Shoals:1 | Noticed Kirke
 48009 | Shoals:1 | Killed Kirke
 48551 | Shoals:2 | Noticed a kraken
 48574 | Shoals:2 | Killed a kraken
 48706 | Shoals:2 | Noticed Frances
 48738 | Shoals:2 | Killed Frances
 48998 | Shoals:2 | Noticed Polyphemus
 49005 | Shoals:2 | Killed Polyphemus
 49045 | Shoals:2 | Reached skill level 1 in Armour
 49728 | Shoals:2 | Reached XP level 18. HP: 114/114 MP: 25/40
 50281 | Shoals:3 | Found Utichy's Food Emporium.
 50552 | Shoals:3 | Offered knowledge of Lehudib's Crystal Spear by Vehumet.
 50552 | Shoals:3 | Offered knowledge of Fire Storm by Vehumet.
 50552 | Shoals:3 | Offered knowledge of Ignition by Vehumet.
 51158 | Shoals:4 | Entered Level 4 of the Shoals
 52259 | Shoals:4 | Noticed Ilsuiw
 52262 | Shoals:4 | Killed Ilsuiw
 52542 | Shoals:4 | Reached skill level 10 in Shields
 53508 | Shoals:4 | Reached skill level 1 in Charms
 53617 | Shoals:4 | Reached skill level 1 in Necromancy
 53861 | Shoals:4 | Got a barnacled rune of Zot
 54554 | Spider:4 | Entered Level 4 of the Spider Nest
 54704 | Vaults:1 | Entered Level 1 of the Vaults
 57319 | Vaults:2 | Reached XP level 19. HP: 120/120 MP: 32/41
 57511 | Vaults:2 | Reached skill level 14 in Fighting
 58002 | Vaults:2 | Cast into level 2 of the Abyss (a wizard)
 58460 | Abyss:2  | Noticed a bone dragon
 58813 | Abyss:2  | Noticed an ancient lich
 58822 | Abyss:2  | Killed an ancient lich
 58824 | Vaults:2 | Escaped the Abyss
 59872 | Vaults:2 | Reached skill level 15 in Dodging
 59928 | Vaults:2 | Reached skill level 5 in Armour
 60801 | Vaults:2 | Found a staircase to the Crypt.
 60801 | Vaults:2 | Found a basalt altar of Yredelemnul.
 60802 | Vaults:2 | Found an ancient bone altar of Kikubaaqudgha.
 61390 | Vaults:2 | Reached XP level 20. HP: 128/128 MP: 30/42
 63981 | Vaults:3 | Found Faoneur's Assorted Antiques.
 63989 | Vaults:3 | Bought a scroll labeled ZEMESI TUDUNT for 30 gold pieces
 64182 | Vaults:3 | Found Rutodim's General Store.
 64211 | Vaults:3 | Bought a potion of curing for 90 gold pieces
 64211 | Vaults:3 | Bought a potion of heal wounds for 150 gold pieces
 64502 | Vaults:3 | Found Tijorgh's Assorted Antiques.
 64640 | Vaults:3 | Noticed Boris
 64643 | Vaults:3 | Killed Boris
 64643 | Vaults:3 | Reached skill level 15 in Fighting
 64681 | Vaults:3 | Bought a potion of curing for 48 gold pieces
 64686 | Vaults:3 | Bought a potion of heal wounds for 185 gold pieces
 64846 | Vaults:3 | Found Viciesch's Gadget Emporium.
 65972 | D:12     | You paid a toll of +4 ice dragon scales to enter a treasure trove
 65973 | Trove    | Entered a treasure trove
 65981 | Trove    | Got a flickering wooden ring
 65987 | Trove    | Got a fine amber ring
 66009 | Trove    | Got a pitted copper ring
 66018 | Trove    | Got a warped platinum ring
 66026 | Trove    | Got a sparkling emerald amulet
 66028 | Trove    | Got a bound lead amulet
 66030 | Trove    | Got a warped golden ring
 66031 | Trove    | Identified the ring "Luonge" {rElec AC+2} (You found it in a treasure trove)
 66032 | Trove    | Identified the ring "Necw" {+Fly Int+3} (You found it in a treasure trove)
 66034 | Trove    | Identified the ring of Damy {MR+ Int+4} (You found it in a treasure trove)
 66035 | Trove    | Identified the ring of Jotiah Adeli {rF++ MP-9 AC+1 Str+4} (You found it in a treasure trove)
 66043 | Trove    | Identified the amulet of Secrets {Reflect rPois Int+4 SH+4 SInv Stlth+} (You found it in a treasure trove)
 66044 | Trove    | Identified the amulet of Mups {Reflect Str+4 Dex+4 SH+5} (You found it in a treasure trove)
 66045 | Trove    | Identified the ring "Enuzear" {rF++ Str+2 Int+5 Dex+5} (You found it in a treasure trove)
 68275 | Spider:4 | Reached skill level 15 in Shields
 68455 | Spider:4 | Reached XP level 21. HP: 135/135 MP: 16/43
 69053 | Spider:4 | Got a gossamer rune of Zot
 70450 | Vaults:3 | Learned a level 8 spell: Ignition
 70476 | Vaults:3 | Found Dyirubeng's Armour Boutique.
 70545 | Vaults:3 | Bought the +0 pair of gloves of Sunlight {Int+6} for 409 gold pieces
 70958 | Vaults:4 | Reached skill level 16 in Fighting
 74149 | Vaults:4 | Reached skill level 17 in Fighting
 74907 | Depths:1 | Entered Level 1 of the Depths
 75131 | Depths:1 | Reached XP level 22. HP: 132/145 MP: 45/45
 75710 | Depths:1 | Found Fitwit's Book Boutique.
 75733 | Depths:1 | Found a gateway to Hell.
 76218 | Depths:1 | Found Ocvinops's Weapon Shoppe.
 76226 | Depths:1 | Bought a throwing net for 48 gold pieces
 76304 | Depths:1 | Found Huqu's Book Shoppe.
 76405 | Depths:2 | Found Ceiromei's Gadget Shop.
 76405 | Depths:2 | Noticed Bai Suzhen
 76929 | Depths:2 | Found a gateway to a ziggurat.
 76946 | Depths:2 | Killed Bai Suzhen
 77083 | Depths:2 | Got a twitching bone ring
 77098 | Depths:2 | Reached skill level 18 in Fighting
 77402 | Depths:2 | Identified the ring of Motiykom {Fire rElec MR++ Int-3 Slay+2} (You found it on level 2 of the Depths)
 77721 | Depths:2 | Reached skill level 15 in Fire Magic
 77917 | Depths:2 | Found Sutzeac's Weapon Boutique.
 78814 | Depths:3 | Found Upoquf's General Store.
 78830 | Depths:3 | Bought a scroll of fog for 36 gold pieces
 79713 | Depths:3 | Found a one-way gate leading to the halls of Pandemonium.
 80246 | Depths:3 | Reached XP level 23. HP: 153/153 MP: 34/46
 80251 | Depths:3 | Reached skill level 19 in Fighting
 81018 | Depths:3 | Noticed a juggernaut
 81032 | Depths:3 | Killed a juggernaut
 82030 | Depths:4 | Noticed Louise
 82033 | Depths:4 | Killed Louise
 82123 | Depths:4 | Found a one-way gate to the infinite horrors of the Abyss.
 82503 | Depths:4 | Noticed a juggernaut
 82509 | Depths:4 | Killed a juggernaut
 82799 | Depths:5 | Entered Level 5 of the Depths
 83595 | Depths:5 | Reached skill level 20 in Fighting
 85359 | Depths:5 | Found a gate to the Realm of Zot.
 86009 | Slime:1  | Entered Level 1 of the Pits of Slime
 86011 | Slime:1  | Gained mutation: Your body sometimes deteriorates upon taking damage. [a shining eye]
 86120 | Slime:1  | Reached XP level 24. HP: 153/164 MP: 46/46
 86790 | Slime:4  | Noticed Slobodan's ghost (adept HaHu)
 86801 | Slime:4  | Killed Slobodan's ghost
 87869 | Slime:5  | Entered Level 5 of the Pits of Slime
 87989 | Slime:5  | Noticed the Royal Jelly
 88043 | Slime:5  | Killed the Royal Jelly
 88187 | Slime:5  | Reached skill level 21 in Fighting
 88466 | Slime:5  | Got a slimy rune of Zot
 88995 | Lair:5   | Upgraded the game from 0.20-a0-899-g09a9bfb to 0.20-a0-901-g27f6fa8
 89287 | Zot:1    | Entered Level 1 of the Realm of Zot
 90648 | Zot:1    | Got a shimmering brass ring
 90649 | Zot:1    | Identified the ring "Axtechaul" {Ice +Blink rN+ Str+2 Stlth-} (You found it on level 1 of the Realm of Zot)
 92039 | Zot:3    | Reached XP level 25. HP: 172/172 MP: 38/46
 92164 | Zot:3    | Reached skill level 10 in Armour
 94355 | Zot:5    | Entered Level 5 of the Realm of Zot
 94357 | Zot:5    | Reached skill level 22 in Fighting
 95060 | Zot:5    | Noticed an ancient lich
 95064 | Zot:5    | Killed an ancient lich
 96171 | Zot:5    | Noticed an orb of fire
 96175 | Zot:5    | Gained mutation: Scrolls take you a little longer to read. [an orb of fire]
 96176 | Zot:5    | Killed an orb of fire
 96176 | Zot:5    | Reached XP level 26. HP: 170/180 MP: 21/46
 96282 | Zot:5    | Lost mutation: Scrolls take you a little longer to read. [potion of mutation]
 96282 | Zot:5    | Lost mutation: Your body sometimes deteriorates upon taking damage. [potion of mutation]
 96282 | Zot:5    | Gained mutation: Your natural rate of healing is unusually fast. [potion of mutation]
 96282 | Zot:5    | Gained mutation: You possess an exceptional clarity of mind. [potion of mutation]
 96282 | Zot:5    | Gained mutation: You have a pair of small antennae on your head. [potion of mutation]
 97113 | Zot:5    | Reached skill level 23 in Fighting
 97501 | Zot:5    | Noticed an orb of fire
 97501 | Zot:5    | Lost mutation: Your natural rate of healing is unusually fast. [an orb of fire]
 97504 | Zot:5    | Killed an orb of fire
 98603 | Zot:5    | Got the Orb of Zot
 99044 | Depths:3 | Noticed Camnell the pandemonium lord
 99351 | D:3      | Noticed Xomic the pandemonium lord
 99408 | D:$      | Escaped with the Orb!

Vault maps used:
D:1:      ncdulo_lavacross
D:3:      first_bread, nrook_mini_backslash, uniq_robin, uniq_sigmund
D:4:      old_forge, grunt_dithmenos_smoke_and_mirrors, uniq_edmund
D:5:      minmay_temple_entry_statues_pillars, uniq_eustachio
D:6:      makhleb_blood_cavern_becter, serial_shops, shop_statue
D:7:      serial_shops, shop
D:8:      serial_shops, kennysheep_little_box
D:9:      grunt_livestock, bloody_trog
D:10:     mumra_celtic_spiral_tile, serial_shops, nicolae_shop_crystal,
          nicolae_gozag_cash_rules_everything_around_me
D:11:     lair_entry_dummy, orc_0_dummy, uniq_nergalle
D:12:     trove_entry_hex_spiral, uniq_fannar
D:13:     david_vaults_1, nicolae_ru_the_path_less_chosen, uniq_sonja
D:14:     abandoned_shop
D:15:     grunt_enter_depths_hoard, grunt_decor_cap,
          hangedman_decor_clover_reticule, jiyva_altar_1
Temple:   minmay_crystal_snake_temple
Lair:1:   serial_bayou_crossing
Lair:2:   spider_nest_entry_webs, infiniplex_staircase_pool, grunt_megastairs_5
Lair:4:   shoals_dummy_entry, minmay_lair_oklob_chamber, grunt_megastairs_2
Lair:5:   minmay_slime_entry_jelly_boxes, portal_ice_cave_entry_imps,
          special_room, kennysheep_basilisk_garden
Lair:6:   grunt_lair_end_beastmaster, lab_entry_generic,
          nicolae_quartered_pool_little
Shoals:1: serial_shops, shop_statue, uniq_kirke
Shoals:2: uniq_polyphemus, uniq_frances
Shoals:3: serial_shops, shop_statue, abandoned_shop,
          nicolae_shoals_dead_sea_scrolls
Shoals:4: shoals_end_hangedman, shoal_ilsuiw
Spider:1: guppyfry_spider_mini_3
Spider:2: nicolae_orb_island, uniq_aizul, uniq_arachne
Spider:3: nicolae_arachne_temple, uniq_mara
Spider:4: spider_rune_water, nicolae_spider_webs_and_nodes
Slime:1:  cheibrodos_slime_lost_civilization_7
Slime:4:  cheibrodos_slime_lost_civilization_1
Orc:1:    serial_shops, nicolae_shop_trees, shop_statue,
          nicolae_shop_waterfront, nicolae_shop_overgrown_old_shop,
          nicolae_shop_statue_plus, basic_altar
Orc:2:    st_orc_elflike
Vaults:1: nicolae_vaults_rhombus_6, v_misc_16, v_misc_29,
          hangedman_vaults_cutoff, vaults_dpeg_ring, ontoclasm_vaults_spin,
          nicolae_vaults_sealed_display, ontoclasm_vaults_pinch,
          v_alt_pattern_4, ontoclasm_vaults_chip, vaults_dpeg_diagonal
Vaults:2: v_alt_pattern_2, nicolae_vaults_little_squares_1,
          minmay_crypt_entry_necro_gods, vaults_room_pool, vaults_mumra_hexcomb,
          nicolae_vaults_big_ls, v_misc_33, nicolae_vaults_puzzle_piece,
          nicolae_vaults_network_star, st_smaller_cells, grunt_vaults_diagonal,
          vaults_mumra_lcd
Vaults:3: nicolae_vaults_stairing_the_circle, hangedman_vaults_river_flow,
          nicolae_vaults_statue_guard, v_pattern_5, v_misc_2,
          ontoclasm_vaults_ring_small, v_misc_25, v_misc_4,
          nicolae_vaults_windows_and_doors_thing, vaults_room_ringed_pool,
          vaults_dpeg_hooks, serial_shops, nicolae_shop_statue_plus,
          nicolae_shop_trees, nicolae_shop_overgrown_old_shop, shop, shop,
          uniq_boris
Vaults:4: vaults_room_guarded_vault, ontoclasm_vaults_ligature,
          dpeg_vaults_monster_box, v_misc_27, v_pattern_4
Depths:1: hell_entry, serial_shops, shop, shop, nicolae_shop_behind_doors,
          minmay_misc_feat_nine_boxes, kennysheep_dice
Depths:2: hangedman_cross_stitches, enter_ziggurat_d, marbit_kobold_abyss_entry,
          grunt_hell_entry_dis_mu, serial_shops, shop, shop, grunt_ministairs_1,
          serial_bayou_shore_b, uniq_bai_suzhen
Depths:3: minmay_expanding_squares, rand_demon_pan_entry_8, serial_shops, shop,
          hangedman_decor_slide_cut, hell_entry
Depths:4: kennysheep_cluttered_fort, pf_coc_iceberg,
          nicolae_abyss_entry_one_way_or_another,
          hangedman_decor_diamond_cutter, infiniplex_staircase_spiral,
          serial_bayou_shore_b
Depths:5: grunt_zot_entry_bicorn, hellmouth_3, hangedman_abyss_or_decor_clamps,
          patterned_corridor
Zot:1:    zot_minivault_6
Zot:3:    lemuel_draconian_sentries_small, grunt_ministairs_9, st_stairs_9,
          st_grand_hoard_of_tiamat
Zot:4:    hangedman_zot_decor_unnerving_road, hangedman_elemental_corridor
Zot:5:    st_stairs_8
Trove:    trove_jewellery_lava

Skill      XL: |  1  2  3  4  5  6  7  8  9 10 11 12 13 14 15 16 17 18 19 20 21 22 23 24 25 26 |
---------------+-------------------------------------------------------------------------------+-----
Conjurations   | 2 3 4 5 6 8 10 11 12 13 14 15 16 17 | 17.2
Fire Magic     | 4 5 6 7 8 10 11 12 13 15 16 | 16.8
Spellcasting   | 4 5 6 7 8 10 11 12 13 15 16 17 | 17.0
Fighting       | 2 5 7 9 10 11 12 13 14 15 17 18 20 21 22 23 | 23.6
Dodging        | 5 7 9 10 12 13 14 15 17 18 20 | 20.1
Air Magic      | 4 6 |  6.0
Earth Magic    | 2 4 |  4.0
Summonings     | 4 |  4.4
Shields        | 6 9 11 13 15 | 15.2
Evocations     | 4 |  4.0
Armour         | 1 3 6 7 9 11 12 | 12.7
Charms         | 3 |  3.0
Necromancy     | 3 |  3.0
Stealth        | |  2.4

Action                   |  1- 3 |  4- 6 |  7- 9 | 10-12 | 13-15 | 16-18 | 19-21 | 22-24 | 25-27 || total
-------------------------+-------+-------+-------+-------+-------+-------+-------+-------+-------++-------
Melee: Staff             |       |       |       |       |       |     2 |       |       |       ||     2
 Fire: Hunting sling     |       |    11 |     3 |       |       |       |       |       |       ||    14
Throw: Throwing net      |       |       |       |       |       |       |       |       |     1 ||     1
 Cast: Flame Tongue      |    84 |    53 |    46 |     4 |       |       |       |       |       ||   187
       Throw Flame       |       |    49 |   206 |   467 |   271 |     8 |    20 |       |       ||  1021
       Conjure Flame     |       |     4 |     8 |    11 |       |       |       |       |       ||    23
       Sticky Flame      |       |     1 |    25 |    71 |    53 |    23 |    12 |       |     2 ||   187
       Freeze            |       |       |     4 |     3 |       |       |       |       |       ||     7
       Fireball          |       |       |       |    33 |   406 |   198 |    92 |    54 |       ||   783
       Iron Shot         |       |       |       |       |    56 |   254 |    33 |    64 |    61 ||   468
       Orb of Destructio |       |       |       |       |    16 |    25 |    60 |   198 |   106 ||   405
       Summon Lightning  |       |       |       |       |    11 |       |     1 |       |       ||    12
       Apportation       |       |       |       |       |     8 |     1 |     2 |       |     3 ||    14
       Bolt of Fire      |       |       |       |       |       |   320 |   663 |   411 |   157 ||  1551
       Ignition          |       |       |       |       |       |       |       |    11 |    12 ||    23
Evoke: Wand              |       |       |       |     1 |       |    11 |     1 |     2 |     9 ||    24
       Lightning rod     |       |       |       |     4 |       |       |     2 |       |       ||     6
       Staff of energy   |       |       |       |       |       |       |     2 |       |       ||     2
  Use: Potion            |       |     1 |       |     4 |     1 |     9 |     2 |       |    15 ||    32
       Scroll            |       |     1 |    14 |    12 |    10 |    12 |    19 |     9 |     5 ||    82
  Eat: Chunk             |     3 |     6 |    18 |    16 |    17 |    16 |    32 |    22 |     5 ||   135
       Royal jelly       |       |     1 |     2 |     7 |       |     2 |     2 |     1 |       ||    15
       Bread ration      |       |       |       |     2 |     8 |     6 |     1 |     6 |     4 ||    27
       Fruit             |       |       |       |       |       |     2 |       |     3 |       ||     5
       Meat ration       |       |       |       |       |       |     3 |     3 |       |       ||     6
Armor: Robe              |    12 |     1 |     3 |    11 |     7 |       |       |       |       ||    34
       Acid dragon scale |       |       |       |       |     3 |   109 |    38 |    29 |       ||   179
       Quicksilver drago |       |       |       |       |       |       |       |       |    30 ||    30
Dodge: Dodged            |    14 |    10 |    29 |    94 |    82 |   282 |    95 |    99 |    79 ||   784
Block: Shield            |       |       |       |       |       |    36 |   124 |    97 |   104 ||   361
       Reflection        |       |       |       |       |       |       |    16 |    24 |     3 ||    43
